 Dungeon Crawl Stone Soup version 0.26-a0-1177-g1209ec82b9 (webtiles) character file.

Game seed: 13761304029699632456

47 vvl the Skirmisher (level 3, -1/31 HPs)
             Began as a Ghoul Monk on Dec 25, 2020.
             Slain by a gnoll
             ... wielding a +0 flail
              (6 damage)
             ... on level 2 of the Dungeon.
             The game lasted 00:03:50 (1358 turns).

vvl the Skirmisher (Ghoul Monk)                     Turns: 1358, Time: 00:03:51

Health: -1/31      AC: 10    Str: 15    XL:     3   Next: 70%
Magic:  2/2        EV:  4    Int:  5    God:
Gold:   49         SH:  0    Dex: 11    Spells: 2/2 levels left

rFire    . . .     SeeInvis .   a - +0 mace
rCold    + . .     Faith    .   (no shield)
rNeg     + + +     Spirit   .   e - +0 plate armour
rPois    ∞         Reflect  .   (no helmet)
rElec    .         Harm     .   (no cloak)
rCorr    .         Rampage  .   (no gloves)
Will     .....                  (no boots)
Stlth    ..........             (no amulet)
HPRegen  0.00/turn              (no ring)
MPRegen  0.08/turn              (no ring)

@: no status effects
A: claws 1, cold resistance 1, negative energy resistance 3, inhibited
regeneration, torment resistance, unbreathing
a: no special abilities


You were on level 2 of the Dungeon.
You visited 1 branch of the dungeon, and saw 2 of its levels.

You collected 49 gold pieces.

Inventory:

Hand Weapons
 a - a +0 mace (weapon)
Armour
 e - a +0 plate armour (worn)
Magical Staves
 o - an uncursed staff of cold
Jewellery
 c - an uncursed ring of poison resistance {unknown}
 i - a cursed amulet of inaccuracy {unknown}
 m - a +6 ring of intelligence {unknown}
Scrolls
 d - a scroll of identify {unknown}
 f - 3 scrolls of magic mapping {unknown}
 g - a scroll of fog {unknown}
 h - 2 scrolls of enchant weapon {unknown}
 k - 2 scrolls of noise {unknown}
Potions
 b - a potion of heal wounds {unknown}
 j - a potion of attraction {unknown}
 l - a potion of curing {unknown}
 n - a potion of degeneration {unknown}


   Skills:
 + Level 3.5 Fighting
 * Level 3.1 Maces & Flails
 + Level 0.7 Armour
 + Level 2.9 Dodging
 - Level 2.1 Stealth
 * Level 1.7 Necromancy


You had 2 spell levels left.
You didn't know any spells.
Your spell library was empty.

Dungeon Overview and Level Annotations

Branches:
Dungeon (2/15)

Altars:
Yredelemnul


Innate Abilities, Weirdness & Mutations

You thrive by killing the living.
You are immune to poison.
You have sharp fingernails.
Your flesh is cold resistant. (rC+)
You are immune to negative energy. (rN+++)
You do not regenerate when monsters are visible.
You are immune to unholy pain and torment.
You can survive without breathing.


Message History

You barely miss the gnoll.
The gnoll is heavily wounded.
The gnoll completely misses you.
You closely miss the gnoll. The gnoll hits you with a +0 flail.
* * * LOW HITPOINT WARNING * * *
You hit the gnoll.
The gnoll is moderately wounded.
The gnoll barely misses you.
You hit the gnoll.
The gnoll is heavily wounded.
The gnoll hits you with a +0 flail.
* * * LOW HITPOINT WARNING * * *
You hit the gnoll.
The gnoll is severely wounded.
The gnoll hits you with a +0 flail.
* * * LOW HITPOINT WARNING * * *
Your plate armour prevents you from hitting the gnoll.
The gnoll is severely wounded.
The gnoll hits you with a +0 flail.
You die...

####### ......#
......#
###########
.#.#..#
######.@gg......
......#
#......##g##.##.
.#.#..##
#.####..#.#
.......###.#
##.###
.#.#.......# ...
.......#####
#### .#.#...# ..
.. .....#.#
######.# #
.#...#.#
#......#


You could see 3 gnolls.

Vanquished Creatures
  2 adders (D:2)
  A leopard gecko (D:1)
  2 giant cockroaches
  2 gnoll zombies (D:2)
  3 hobgoblins
  A ball python (D:1)
  4 bats
  3 frilled lizards
  5 goblins
  4 kobolds
  A rat (D:1)
28 creatures vanquished.

Notes
Turn   | Place    | Note
-------+----------+-------------------------------------------
     0 | D:1      | vvl the Ghoul Monk began the quest for the Orb.
     0 | D:1      | Reached XP level 1. HP: 19/19 MP: 0/0
   380 | D:1      | Reached XP level 2. HP: 24/26 MP: 1/1
   445 | D:1      | Reached skill level 1 in Necromancy
   907 | D:2      | Reached XP level 3. HP: 21/31 MP: 2/2
  1241 | D:2      | Found a basalt altar of Yredelemnul.
  1358 | D:2      | Slain by a gnoll

Illustrated notes

Levels and vault maps discovered:
D:1:      lightli_arrival_chessboard, layout_basic, kennysheep_crisscross
D:2:      cheibrodos_helix_gallery, layout_loops_cross,
          lemuel_zombie_altar_yredelemnul, gammafunk_temple_overflow_wave,
          serial_co_window_serial, co_window_corner_a, co_window_paths_a,
          co_window_corner_a, co_window_paths_b, co_window_paths_b,
          co_window_corner_b, co_window_broadway_c, co_window_corner_b,
          co_window_4corner_b, glass_columns_b, glass_columns_c, glass_columns_c

Skill      XL: |  1  2 |
---------------+-------+-----
Necromancy     | 1 |  1.7
Maces & Flails | 3 |  3.1
Fighting       | |  3.5
Armour         | |  0.7
Dodging        | |  2.9
Stealth        | |  2.1

Action                   || total
-------------------------++-------
Melee: Mace              ||   133
Armor: Plate armour      ||   134
Dodge: Dodged            ||    43

Table legend: (Time is in decaauts)
 A = Elapsed time spent in this place.
 B = Non-inter-level travel time spent in this place.
 C = Inter-level travel time spent in this place.
 D = Time resting spent in this place.
 E = Time spent auto-exploring this place.
 F = Levels seen in this place.
 G = Mean time per level.
                   A        B        C        D        E       F      G
               +--------+--------+--------+--------+--------+-----+--------+
         Total |   1390 |   1271 |    119 |      0 |   1011 |   2 |  695.0 |
       Dungeon |   1390 |   1271 |    119 |      0 |   1011 |   2 |  695.0 |
               +--------+--------+--------+--------+--------+-----+--------+

Top non-repeatable levels by time:
     D:1: 879 daAuts
     D:2: 511 daAuts
